 Dungeon Crawl Stone Soup version 0.31.0-1-g2c135a008e (webtiles) character file.

Game seed: 18335678804453193095

104 qw the Shooter (level 5, -8/40 HPs)
             Began as a Djinni Hunter on Jan 24, 2024.
             Killed from afar by a white imp (19 damage)
             ... with a puff of frost
             ... on level 3 of the Dungeon.
             The game lasted 00:00:07 (1471 turns).

qw the Shooter (Djinni Hunter)                      Turns: 1471, Time: 00:00:07

Health: -8/40      AC:  9    Str: 16    XL:     5   Next: 7%
Gold:   71         EV: 13    Int: 10    God:
                   SH:  0    Dex: 19

rFire   + + +        a - +1 shortbow
rCold   x . .        (shield currently unavailable)
rNeg    . . .        c - +0 leather armour
rPois   inf          (helmet restricted)
rElec   .            e - +1 cloak
rCorr   .            (no gloves)
SInv    .            (boots unavailable)
Will    .....        (no amulet)
Stlth   ++           b - +6 ring of strength
HPRegen 0.26/turn    f - +4 ring of protection
MPRegen 0.00/turn

%: infuse magic (-9 HP)
@: flying
A: sickness immunity, fire resistance 3, cold vulnerability 1, float, innate
caster, HP casting, extra vitality 1, horns 1, wild magic 1
a: no special abilities


You were on level 3 of the Dungeon.
You visited 1 branch of the dungeon, and saw 3 of its levels.

You collected 71 gold pieces.


Innate Abilities, Weirdness & Mutations

You are immune to sickness and miasma.
You are immune to poison.
Your flesh is almost immune to the effects of heat. (rF+++)
You are vulnerable to cold. (rC-)
You float through the air rather than walking.
You learn spells naturally, not from books.
Your magical power is your life essence.
You have superior vitality. (+4 MHP)
You have a pair of small horns on your head.
Your spells are a little harder to cast, but a little more powerful.


   Skills:
 - Level 3.1 Fighting
 + Level 4.1 Ranged Weapons
 - Level 3.0 Dodging
 - Level 0.7 Stealth


You knew the following spells:

 Your Spells              Type           Power      Damage    Failure   Level
a - Foxfire               Conj/Fire      0%         2x1d4     52%         1
b - Call Imp              Summ           0%         N/A       65%         2
Your spell library was empty.

Inventory:

Hand Weapons
 a - a +1 shortbow (weapon)
Armour
 c - a +0 leather armour (worn)
 e - a +1 cloak (worn)
 g - a +0 ring mail
Jewellery
 b - a +6 ring of strength (left hand)
 f - a +4 ring of protection (right hand)
Scrolls
 d - a scroll of teleportation
 k - a scroll of revelation {unknown}
Potions
 h - a potion of degeneration {unknown}
 i - a potion of curing
 j - a potion of haste {unknown}

Dungeon Overview and Level Annotations

Branches:
Dungeon (3/15)

Altars:


Message History

You kill the orc!
You start resting.
HP restored.
Things that are here:
a +0 short sword; an orc corpse
g - a +0 ring mail
Things that are here:
a +1 whip of flaming; a +0 whip; an orc corpse You see here a +0 short sword.
Things that are here:
a +0 mace of draining; a +0 scale mail
h - a fizzy cyan potion
k - a scroll labelled IPSIM QUNAVADA A white imp comes into view.
The white imp shouts, "Remove thy stench, thou unctious shard-borne canker-blossom!"
You shoot an arrow. The arrow hits the white imp.
The white imp is lightly wounded.
The white imp gestures at you. The puff of frost misses you.
You shoot an arrow.
The arrow hits the white imp but does no damage.
The white imp is lightly wounded.
The white imp gestures at you. The puff of frost hits you.
You feel a terrible chill!
You shoot an arrow. The arrow barely misses the white imp.
You shoot an arrow. The arrow hits the white imp.
The white imp is moderately wounded.
The white imp hits you. The white imp freezes you.
You feel a terrible chill!
You shoot an arrow. The arrow closely misses the white imp.
The white imp misses you.
You shoot an arrow. The arrow closely misses the white imp.
The white imp gestures at you. The puff of frost hits you!
You feel a terrible chill!
You shoot an arrow. The arrow closely misses the white imp.
The white imp hits you. The white imp freezes you.
You feel a terrible chill!
You shoot an arrow. The arrow barely misses the white imp.
The white imp closely misses you. The white imp gestures at you.
The puff of frost hits you!!
You feel a terrible chill!
You die...

#...#..###....###....###.)#
#...#..####...###...####.)##
#......#################.)..
#.....## ##... ##...## ###..
#.### #.... #.# #.... #.#
####### #.... ###.###
#...@.# ####. #.....#
#.###5# ..... #.....# #.# .#
..... #.....###.# .# ......
#.........# .. ####..
#.....##### ## #.. #.....#
#.. ####### ...


You could see a white imp.

Vanquished Creatures
  5 adders (D:2)
  2 dart slugs (D:2)
  A ribbon worm (D:2)
  6 orcs (D:3)
  An endoplasm (D:2)
  2 giant cockroaches
  9 goblins
  4 hobgoblins
  3 jackals (D:2)
  4 ball pythons
  A bat (D:1)
  4 frilled lizards
  6 rats
  A butterfly (D:1)
49 creatures vanquished.

Notes
Turn   | Place    | Note
-------+----------+-------------------------------------------
     0 | D:1      | qw the Djinni Hunter began the quest for the Orb.
     0 | D:1      | Reached XP level 1. HP: 18/18 MP: 0/0
     0 | D:1      | 0 ||| qw: Version: 0.3-a-136-gdd3b4e8
     0 | D:1      | 0 ||| qw: Game counter: 1390
     0 | D:1      | 0 ||| qw: Melee chars always use a shield: true
     0 | D:1      | 0 ||| qw: God list: Okawaru
     0 | D:1      | 0 ||| qw: Allow faded altars: false
     0 | D:1      | 0 ||| qw: Do Orc after clearing Dungeon:15 true
     0 | D:1      | 0 ||| qw: Do second Lair branch before Depths: true
     0 | D:1      | 0 ||| qw: Lair rune preference: random
     0 | D:1      | 0 ||| qw: Goals: Normal
     0 | D:1      | 0 ||| PLANNING D:1-11
   217 | D:1      | Reached XP level 2. HP: 23/23 MP: 0/0
   532 | D:1      | 532 ||| UPGRADING to +0 cloak.
   537 | D:1      | 537 ||| READING scroll labelled TILYXZAPRA.
   537 | D:1      | 537 ||| ENCHANTING +0 cloak.
   538 | D:1      | 538 ||| DROPPING scroll of butterflies.
   579 | D:2      | Reached skill level 4 in Ranged Weapons
   579 | D:2      | Reached XP level 3. HP: 23/28 MP: 0/0
   579 | D:2      | Learned a level 1 spell: Foxfire
   788 | D:2      | Reached XP level 4. HP: 34/34 MP: 0/0
   792 | D:2      | Reached skill level 3 in Fighting
  1009 | D:2      | Reached skill level 3 in Dodging
  1263 | D:2      | 1263 ||| READING 2 scrolls labelled SOWOLI VELA.
  1263 | D:2      | 1263 ||| IDENTIFYING brown potion
  1264 | D:2      | 1264 ||| READING scroll of identify.
  1264 | D:2      | 1264 ||| IDENTIFYING clear potion
  1265 | D:2      | 1265 ||| DRINKING potion of mutation.
  1265 | D:2      | Gained mutation: You have a pair of small horns on your
                  | head. [potion of mutation]
  1265 | D:2      | Gained mutation: Your flesh is almost immune to the effects
                  | of heat. (rF+++) [potion of mutation]
  1265 | D:2      | Gained mutation: Your spells are a little harder to cast,
                  | but a little more powerful. [potion of mutation]
  1266 | D:2      | 1266 ||| READING 2 scrolls labelled MAITUS NUJUPLO.
  1271 | D:2      | 1271 ||| DROPPING potion of berserk rage.
  1355 | D:3      | 1355 ||| UPGRADING to +6 ring of strength.
  1356 | D:3      | 1356 ||| UPGRADING to +4 ring of protection.
  1357 | D:3      | 1357 ||| READING scroll of identify.
  1357 | D:3      | 1357 ||| IDENTIFYING amethyst potion
  1358 | D:3      | 1358 ||| READING scroll labelled MOUKEI YCVYNG.
  1358 | D:3      | 1358 ||| ENCHANTING +0 shortbow.
  1359 | D:3      | 1359 ||| DRINKING 2 fizzy pink potions.
  1360 | D:3      | 1360 ||| DROPPING potion of brilliance.
  1368 | D:3      | Reached XP level 5. HP: 40/40 MP: 0/0
  1368 | D:3      | Learned a level 2 spell: Call Imp
  1471 | D:3      | Killed from afar by a white imp

Levels and vault maps discovered:
D:1:      spicycebolla_arrival_clurvy, layout_basic, item_on_display_a
D:2:      layout_loops_cross, amcnicky_mini_corridor_feature
D:3:      layout_basic, hangedman_glass_teeth, hangedman_decor_riveting,
          kennysheep_minor_cross, kennysheep_pointless_box,
          minmay_misc_feat_tower, uniq_sigmund

Skill      XL: |  1  2  3  4 |
---------------+-------------+-----
Ranged Weapons | 4 |  4.1
Fighting       | 3 |  3.1
Dodging        | 3 |  3.0
Stealth        | |  0.7

Action                     |  1- 3 |  4- 6 || total
---------------------------+-------+-------++-------
   Fire: Shortbow          |    93 |    79 ||   172
    Use: Scroll            |     1 |     5 ||     6
         Potion            |       |     2 ||     2
 Armour: Leather armour    |    32 |    29 ||    61
  Dodge: Dodged            |    40 |    24 ||    64

Table legend:
 A = Non-vault XP
 B = Vault XP
 C = Vault XP percentage of total XP
 D = Non-vault monster count
 E = Vault monster count
 F = Vault count percentage of total count
                 A         B        C        D         E       F
            +---------+---------+-------+---------+---------+-------
      Total |     149 |       0 |   0.0 |      48 |       0 |   0.0
            +---------+---------+-------+---------+---------+-------
        D:1 |      17 |       0 |   0.0 |      12 |       0 |   0.0
        D:2 |     107 |       0 |   0.0 |      26 |       0 |   0.0
        D:3 |      25 |       0 |   0.0 |      10 |       0 |   0.0
            +---------+---------+-------+---------+---------+-------
